Map: Abyssal Reef LE

Players

Nibbler

  • Race: Protoss Protoss
  • League: Diamond
  • Spawn Location: 5:00

A.I. 1 (Very Easy) - Winner!

  • Race: Zerg Zerg
  • Spawn Location: 11:00

VOD

Have the link to the VOD?

Description

Time

  • Played on: Oct. 3, 2017, 11:44 p.m.
  • Length: 14:16
Show
View Real Time Build Order
Export as new Build Order

Nibbler Protoss 

Build Orders: 1 Gate Expand, Oracle Opening 

Get SALT Encoding   

  12  0:01  Probe (Chrono Boost)  
  13  0:12  Probe (Chrono Boost)  
  14  0:20  Pylon  
  14  0:22  Probe (Chrono Boost)  
  15  0:38  Probe (Chrono Boost)  
  15  0:40  Gateway  
  16  0:49  Probe (Chrono Boost)  
  17  0:51  Assimilator  
  17  0:59  Probe (Chrono Boost)  
  18  1:10  Probe (Chrono Boost)  
  19  1:20  Probe (Chrono Boost)  
  20  1:29  Nexus  
  20  1:39  Cybernetics Core  
  20  1:41  Probe (Chrono Boost)  
  21  1:48  Assimilator  
  21  1:51  Probe (Chrono Boost)  
  22  1:58  Pylon  
  22  2:02  Probe (Chrono Boost)  
  23  2:16  Adept (Chrono Boost), Probe (Chrono Boost)  
  26  2:28  Stargate  
  26  2:35  Probe (Chrono Boost)  
  27  2:40  Probe (Chrono Boost)  
  28  2:47  Probe (Chrono Boost)  
  28  2:50  Assimilator  
  29  2:52  Probe (Chrono Boost)  
  29  2:56  Adept  
  29  2:57  Probe (Chrono Boost)  
  33  3:02  Probe (Chrono Boost)  
  34  3:08  Probe (Chrono Boost)  
  34  3:11  Probe (Chrono Boost), Oracle (Chrono Boost)  
  38  3:19  Pylon, Probe  
  40  3:21  Probe  
  41  3:28  Forge  
  41  3:31  Probe  
  41  3:32  Probe  
  43  3:43  Void Ray (Chrono Boost), Probe x2  
  49  3:53  Probe  
  49  3:55  Assimilator, Probe  
  51  3:58  Pylon  
  51  4:01  Stargate  
  51  4:04  Probe  
  51  4:07  Probe  
  53  4:16  Adept, Probe  
  55  4:19  Probe  
  57  4:24  Pylon  
  57  4:27  Probe  
  58  4:36  Mothership Core  
  60  4:44  Oracle (Chrono Boost)  
  66  4:47  Nexus  
  66  4:49  Oracle (Chrono Boost)  
  66  5:02  Pylon  
  66  5:06  Pylon  
  66  5:07  Probe  
  66  5:08  Pylon, Probe  
  68  5:18  Probe  
  68  5:21  Probe  
  70  5:22  Photon Cannon  
  70  5:26  Photon Cannon  
  70  5:34  Fleet Beacon  
  70  5:38  Photon Cannon  
  70  5:39  Probe  
  70  5:40  Probe  
  70  5:41  Photon Cannon  
  72  5:49  Oracle (Chrono Boost)  
  78  5:54  Oracle (Chrono Boost)  
  78  5:59  Probe  
  78  6:00  Probe  
  80  6:06  Photon Cannon  
  80  6:07  Probe  
  80  6:09  Probe  
  80  6:11  Photon Cannon x2  
  82  6:12  Probe  
  82  6:16  Pylon  
  82  6:18  Probe  
  83  6:21  Carrier (Chrono Boost)  
  90  6:30  Carrier (Chrono Boost)  
  96  6:37  Protoss Air Weapons Level 1  
  96  6:40  Cybernetics Core  
  96  6:41  Protoss Shields Level 1  
  96  6:43  Graviton Catapult  
  96  6:46  Probe x2  
  96  6:47  Probe  
  98  6:52  Assimilator  
  99  6:55  Assimilator  
  99  6:57  Stargate  
  99  6:58  Probe  
  99  6:59  Probe  
  99  7:00  Probe  
  102  7:06  Robotics Facility  
  102  7:19  Probe  
  102  7:20  Probe x2  
  105  7:32  Probe  
  105  7:35  Photon Cannon  
  106  7:38  Photon Cannon  
  106  7:39  Carrier (Chrono Boost)  
  112  7:46  Pylon  
  112  7:48  Pylon x2  
  112  7:50  Protoss Air Armor Level 1  
  112  8:00  Nexus  
  112  8:02  Pylon  
  124  8:06  Carrier (Chrono Boost)  
  124  8:15  Carrier (Chrono Boost)  
  124  8:16  Pylon  
  130  8:34  Assimilator  
  130  8:38  Assimilator  
  130  8:40  Photon Cannon x2  
  130  8:44  Photon Cannon  
  130  8:46  Photon Cannon  
  130  8:53  Carrier (Chrono Boost)  
  136  8:55  Probe  
  136  8:57  Probe x2  
  139  9:12  Twilight Council  
  139  9:14  Stargate  
  139  9:26  Carrier (Chrono Boost)  
  145  9:35  Carrier (Chrono Boost)  
  151  9:39  Stargate  
  151  9:44  Pylon, Probe  
  151  9:45  Pylon, Probe x2  
  152  9:46  Probe  
  152  9:49  Photon Cannon  
  155  9:53  Photon Cannon, Protoss Air Weapons Level 2 (Chrono Boost)  
  155  10:04  Protoss Air Armor Level 2 (Chrono Boost)  
  161  10:11  Carrier (Chrono Boost)  
  161  10:13  Carrier (Chrono Boost)  
  173  10:30  Carrier (Chrono Boost)  
  173  10:33  Protoss Shields Level 2  
  173  10:48  Photon Cannon  
  173  10:49  Carrier (Chrono Boost)  
  173  10:50  Carrier (Chrono Boost), Probe x2  
  173  10:51  Probe  
  176  11:03  Nexus  
  188  11:05  Pylon  
  188  11:07  Pylon  
  188  11:24  Carrier  
  194  11:33  Carrier  
  200  11:54  Photon Cannon x2  
  200  11:56  Photon Cannon  
  200  11:58  Photon Cannon  
  200  12:00  Photon Cannon  
  200  12:04  Assimilator  
  200  12:07  Assimilator  
  200  12:21  Stargate  
  200  12:23  Stargate  
  200  12:26  Stargate  
Show
View Real Time Build Order
Export as new Build Order

A.I. 1 (Very Easy) Zerg - Winner!

Build Orders: Pool First 

Get SALT Encoding   

  12  0:01  Drone  
  13  0:12  Overlord  
  13  0:17  Drone  
  14  0:36  Spawning Pool  
  14  0:37  Extractor  
  14  0:40  Drone  
  13  0:47  Drone  
  14  0:53  Overlord  
  14  1:23  Zergling x2  
  14  1:25  Queen  
  17  1:33  Roach Warren  
  17  1:36  Drone  
  17  1:40  Extractor  
  17  1:45  Drone  
  17  1:53  Zergling x2  
  18  2:03  Drone  
  19  2:10  Drone  
  20  2:19  Drone  
  20  2:22  Zergling x2  
  22  2:30  Overlord  
  22  2:34  Drone  
  23  2:41  Drone  
  24  2:48  Drone  
  25  2:51  Roach  
  27  7:36  Drone  
  30  7:37  Lair, Roach, Overlord  
  30  7:43  Drone  
  31  7:45  Hatchery  
  31  7:50  Drone  
  31  7:57  Drone  
  32  8:05  Drone  
  33  8:14  Roach  
  32  8:34  Overseer x2  
  30  8:51  Roach  
  32  8:57  Drone  
  33  9:04  Drone  
  33  9:05  Extractor  
  33  9:06  Extractor  
  32  9:11  Drone  
  33  9:19  Drone  
  34  9:26  Drone  
  34  9:28  Zergling x2  
  36  9:33  Drone  
  37  9:40  Drone  
  38  9:47  Drone  
  39  9:54  Drone  
  40  10:01  Drone  
  41  10:09  Drone  
  42  10:16  Drone  
  43  10:23  Drone  
  44  10:30  Drone  
  44  10:31  Overlord  
  45  10:37  Drone  
  46  10:44  Drone  
  47  10:51  Drone  
  48  10:59  Drone  
  49  13:09  Pneumatized Carapace  
  49  13:10  Overseer  
  49  13:14  Evolution Chamber  
  49  13:16  Hydralisk Den  
  47  13:25  Roach  
  42  13:27  Overseer  
  42  13:28  Overlord  
  42  13:32  Hatchery  
  40  13:42  Zergling x2  
  40  13:44  Drone  
  33  13:52  Drone  
  33  13:54  Overlord  
  17  13:59  Drone  
  17  14:05  Hatchery  
Tags
 
Add a new tag
Caveats
  • Supply blocks, unpowered buildings, or Contaminate may cause inaccurate times.
  • Supply counts are checked every 10 seconds.